 Dungeon Crawl Stone Soup version 0.27.1 (webtiles) character file.

Game seed: 6686971450634946001

562 Kala the Digger (level 7, -1/36 HPs)
             Began as a Gargoyle Earth Elementalist on Sept 3, 2021.
             Slain by Menkaure (15 damage)
             ... on level 5 of the Dungeon.
             The game lasted 00:20:30 (4983 turns).

Kala the Digger (Gargoyle Earth Elementalist)       Turns: 4983, Time: 00:20:31

Health: -1/36      AC:  8    Str: 12    XL:     7   Next: 31%
Magic:  0/12       EV: 15    Int: 17    God:
Gold:   228        SH:  4    Dex: 10    Spells: 8/12 levels left

rFire    . . .     SeeInvis .   (no weapon)
rCold    . . .     Faith    .   q - +0 buckler
rNeg     + . .     Spirit   .   b - +0 robe
rPois    ∞         Reflect  .   (no helmet)
rElec    +         Harm     .   i - +0 cloak
rCorr    .         Rampage  .   a - +0 pair of gloves
Will     .....                  (no boots)
Stlth    ++........             (no amulet)
HPRegen  0.12/turn              d - ring of wizardry
MPRegen  0.13/turn              j - +4 ring of evasion

@: no status effects
A: sickness immunity, AC +4, negative energy resistance 1, electricity
resistance, torment resistance 1, petrification resistance
a: no special abilities


You were on level 5 of the Dungeon.
You visited 1 branch of the dungeon, and saw 5 of its levels.

You collected 228 gold pieces.

Inventory:

Missiles
 h - 82 stones
Armour
 a - a +0 pair of gloves (worn)
 b - a +0 robe (worn)
 i - a +0 cloak (worn)
 q - a +0 buckler (worn)
Jewellery
 d - a ring of wizardry (left hand)
 j - a +4 ring of evasion (right hand)
Scrolls
 c - 2 scrolls of summoning {unknown}
 g - a scroll of noise {unknown}
 l - 4 scrolls of identify {unknown}
 m - a scroll of fog {unknown}
 n - 2 scrolls of enchant armour {unknown}
 p - 2 scrolls of enchant weapon {unknown}
Potions
 e - 2 potions of haste {unknown}
 f - a potion of curing {unknown}
 k - 2 potions of attraction {unknown}
 r - a potion of heal wounds {unknown}
 s - a potion of invisibility {unknown}


   Skills:
 - Level 1.5 Dodging
 - Level 2.1 Stealth
 * Level 3.2 Shields
 - Level 3.3 Spellcasting
 - Level 4.4 Conjurations
 - Level 0.7 Transmutations
 - Level 6.3 Earth Magic


You had 8 spell levels left.
You knew the following spells:

 Your Spells              Type           Power      Damage    Failure   Level
a - Sandblast             Erth           48%        2d12      1%          1
b - Stone Arrow           Conj/Erth      42%        3d9       2%          3

Your spell library contained the following spells:

 Spells                   Type           Power      Damage    Failure   Level
 Passwall                 Tmut/Erth      11%        N/A       2%          2
 Corona                   Hex            2%         N/A       8%          1
 Ensorcelled Hibernation  Hex/Ice        4%         N/A       12%         2
 Petrify                  Tmut/Erth      14%        N/A       17%         4
 Tukima's Dance           Hex            2%         N/A       22%         3
 Chain Lightning          Conj/Air       5%         3d6       100%        9
 Fire Storm               Conj/Fire      5%         8d1       100%        9


Dungeon Overview and Level Annotations

Branches:
Dungeon (5/15)
 Temple: D:4-7

Altars:

Annotations:
D:5 Edmund, Menkaure, Pikel


Innate Abilities, Weirdness & Mutations

You are immune to sickness and miasma.
Your stone body is resilient. (AC +4)
You are immune to poison.
You resist negative energy. (rN+)
You are resistant to electric shocks. (rElec)
You are resistant to unholy torment.
You are immune to petrification.


Message History

Aiming: Sandblast (safe; 1% risk of failure)
Press: ? - help, Q - select action, (/) - cycle Shift-Dir - straight line, f/p - Pikel
Aim: Pikel, wielding a +2 whip of electrocution and wearing a +0 robe (severely wounded, 76% to hit)
The blast of sand hits Pikel but does no damage.
Pikel is severely wounded.
You block Pikel's attack.
Aiming: Sandblast (safe; 1% risk of failure)
Press: ? - help, Q - select action, (/) - cycle Shift-Dir - straight line, f/p - Pikel
Aim: Pikel, wielding a +2 whip of electrocution and wearing a +0 robe (severely wounded, 76% to hit)
The blast of sand hits Pikel but does no damage.
Pikel is severely wounded.
Pikel misses you.
Menkaure calls on the powers of darkness!
Edmund convulses!
Pikel convulses!
Your body is wracked with pain!
There is an open door here.
Menkaure grins.
There is an open door here.
Menkaure is no longer moving quickly.
Menkaure casts a spell.
Menkaure seems to speed up.
There is an open door here.
Aiming: Sandblast (safe; 1% risk of failure)
Press: ? - help, Q - select action, (/) - cycle Shift-Dir - straight line, f/p - Pikel
Aim: Pikel, wielding a +2 whip of electrocution and wearing a +0 robe (severely wounded, 76% to hit)
The blast of sand hits Pikel but does no damage.
Pikel is severely wounded.
Pikel hits you with a +2 whip of electrocution.
Menkaure casts a spell at you. Pain shoots through your body!
Menkaure calls on the powers of darkness!
Pikel convulses!
Edmund convulses!
Your body is wracked with pain!
There is an open door here.
Aiming: Sandblast (safe; 1% risk of failure)
Press: ? - help, Q - select action, (/) - cycle Shift-Dir - straight line, f - Menkaure
Aim: Menkaure (fast, 91% to hit)
The blast of sand hits Menkaure.
Menkaure is moderately damaged.
Edmund says, "You wouldn't believe how much I paid for this flail."
Menkaure hits you!
You die...

...#......# ....#
...#......# ....#
...#####'######..++
##................##
+.................##
#...†..............##
#...................##
#....................##
#............KM@.......
############@###....##.
#...#....'....#
#...'....#....+
#.###....#....#
#####'####......
#.#......#.......
#.#......#.......
#.'......#


You could see Edmund, Pikel and Menkaure (fast).

Vanquished Creatures
  2 lemures (D:5)
  A scorpion (D:4)
  A howler monkey (D:5)
  3 jellies
  2 hounds (D:4)
  Crazy Yiuf (D:2)
  4 iguanas
  A hound skeleton (D:4)
  A howler monkey skeleton (D:4)
  6 adders
  A shadow imp (D:4)
  A white imp (D:5)
  2 adder skeletons
  A worm (D:2)
  5 dart slugs
  2 orcs
  9 ball pythons
  3 bats
  14 endoplasms
  2 giant cockroaches
  3 hobgoblins
  4 jackals
  2 quokkas
  A frilled lizard (D:1)
  5 goblins
  3 kobolds
  5 rats
85 creatures vanquished.

Notes
Turn   | Place    | Note
-------+----------+-------------------------------------------
     0 | D:1      | Kala the Gargoyle Earth Elementalist began the quest for
                  | the Orb.
     0 | D:1      | Reached XP level 1. HP: 10/10 MP: 3/3
   273 | D:1      | Reached skill level 4 in Earth Magic
   273 | D:1      | Reached XP level 2. HP: 15/15 MP: 0/5
   347 | D:1      | Reached skill level 1 in Conjurations
   646 | D:1      | Reached XP level 3. HP: 17/19 MP: 1/6
   890 | D:1      | Found a faded altar of an unknown god.
  1137 | D:2      | Noticed Crazy Yiuf
  1137 | D:2      | Found a runed translucent door.
  1293 | D:2      | Learned a level 3 spell: Stone Arrow
  1586 | D:2      | Reached XP level 4. HP: 24/24 MP: 0/7
  2147 | D:2      | Killed Crazy Yiuf
  2148 | D:2      | Reached skill level 5 in Earth Magic
  2856 | D:3      | Reached XP level 5. HP: 28/28 MP: 3/9
  3349 | D:4      | Reached XP level 6. HP: 32/32 MP: 0/10
  3766 | D:4      | Reached skill level 6 in Earth Magic
  4263 | D:4      | Reached skill level 1 in Shields
  4263 | D:4      | Reached XP level 7. HP: 36/36 MP: 8/12
  4544 | D:5      | Entered Level 5 of the Dungeon
  4863 | D:5      | Noticed Pikel
  4890 | D:5      | Noticed Edmund
  4920 | D:5      | Noticed Menkaure
  4983 | D:5      | Slain by Menkaure

Illustrated notes

Levels and vault maps discovered:
D:1:      heliophobic_arrival_henge, layout_loops_ring,
          shapermc_ecumenical_altar_hornbeckon, minmay_pentomino_z2
D:2:      layout_rooms, uniq_crazy_yiuf_cottage
D:3:      layout_loops_ring
D:4:      layout_loops_ring, kennysheep_cluttered_room
D:5:      layout_gridville, lemuel_temple_firewalk_a, grunt_decor_arrowhead,
          serial_bayou_lagoon_a, kennysheep_generic_room_11, uniq_pikel,
          uniq_grinder, uniq_edmund, uniq_menkaure

Skill      XL: |  1  2  3  4  5  6  7 |
---------------+----------------------+-----
Earth Magic    | 4 5 6 |  6.3
Conjurations   | 1 2 3 4 |  4.4
Spellcasting   | 3 |  3.3
Shields        | 1 3 |  3.2
Dodging        | |  1.5
Stealth        | |  2.1
Transmutations | |  0.7

Action                   |  1- 3 |  4- 6 |  7- 9 || total
-------------------------+-------+-------+-------++-------
Melee: Unarmed           |    25 |       |     1 ||    26
 Cast: Sandblast         |    39 |    13 |    16 ||    68
       Stone Arrow       |     4 |    37 |    14 ||    55
  Use: Scroll            |     1 |     5 |     1 ||     7
Armor: Robe              |    11 |     5 |     3 ||    19
Dodge: Dodged            |    29 |     6 |     6 ||    41
Block: Buckler           |       |       |     2 ||     2
